 Dungeon Crawl Stone Soup version 0.24-a0-201-gf205589 (webtiles) character file.

Game seed: 8252635882113859665

46 Lanoc the Slasher (level 3, -8/26 HPs)
             Began as an Octopode Berserker on Mar 25, 2019.
             Was a Follower of Trog.
             Killed from afar by Natasha (9 damage)
             ... with a wand of flame (11)
             ... on level 2 of the Dungeon.
             The game lasted 00:01:21 (669 turns).

Lanoc the Slasher (Octopode Berserker)               Turns: 669, Time: 00:01:22

Health: -8/26      AC:  1    Str: 14 (16) XL:     3   Next: 66%
Magic:  3/3        EV: 14    Int:  7 (9)  God:    Trog [*.....]
Gold:   32         SH:  0    Dex: 10 (12) Spells: 2/2 levels left

rFire    . . .     SeeInvis .   a - +0 falchion
rCold    . . .     Gourm    .   (no shield)
rNeg     . . .     Faith    .   (helmet restricted)
rPois    .         Spirit   .   (no amulet)
rElec    .         Reflect  .   (no ring)
rCorr    .         Harm     .   (no ring)
MR       .....                  (no ring)
Stlth    ++........             (no ring)
HPRegen  0.08/turn              (no ring)
MPRegen  0.08/turn              (no ring)
                                (no ring)
                                (no ring)

@: lethally poisoned (-8 -> -10), berserk cooldown, very slightly contaminated,
slowed, invisible, very slow
A: almost no armour, stealthy swim, amphibious, 8 rings, constrict 8, camouflage
1, gelatinous body 1
a: Berserk, Renounce Religion


You were on level 2 of the Dungeon.
You worshipped Trog.
Trog was aware of your devotion.
You were not hungry.

You visited 1 branch of the dungeon, and saw 2 of its levels.

You collected 32 gold pieces.

Inventory:

Hand Weapons
 a - a +0 falchion (weapon)
Scrolls
 c - a scroll of immolation {unknown}
 d - a scroll of enchant armour {unknown}
Comestibles
 b - 2 rations
 h - 4 chunks of flesh


   Skills:
 + Level 3.4 Fighting
 * Level 3.8 Long Blades
 + Level 3.4 Dodging


You had 2 spell levels left.
You didn't know any spells.
Your spell library was empty.

Dungeon Overview and Level Annotations

Branches:
Dungeon (2/15)

Altars:

Annotations:
D:2 Natasha


Innate Abilities, Weirdness & Mutations

You cannot wear most types of armour.
You are very stealthy in the water. (Stealth+)
You are amphibious.
You can wear up to eight rings at the same time.
You can use your tentacles to constrict eight enemies at once.
Your skin changes colour to match your surroundings (Stealth+).
Your rubbery body absorbs attacks. (AC +1, EV +1)


Message History

You feel sick. Natasha claws you!
* * * LOW HITPOINT WARNING * * *
The adder misses you.
You riposte.
You barely miss the adder. Your grab misses the adder.
Natasha casts a spell.
You are very lightly contaminated with residual magic.
It was a potion of degeneration.
There was something very wrong with that liquid.
You feel weakened.
You feel dopey.
You feel clumsy. The adder closely misses you. x2
Natasha casts a spell at you.
You feel as though you will be slow longer.
An adder comes into view.
You closely miss the adder.
The adder hisses angrily.
Your grab misses the adder.
* * * LOW HITPOINT WARNING * * *
You feel sick. The adder barely misses you. Natasha closely misses you.
The adder closely misses you.
Natasha zaps a wand.
The puff of flame hits you!
You die...

####### #.....# #.....#
#.....# #.....# #.....#
#.....# ######....)#
.......@...#############
......hS................
..>...5.................
...###.#################
... #. .. #S .. ..


You could see Natasha, a crimson imp (wandering) and 2 adders.

Vanquished Creatures
  A gnoll (D:1)
  2 adders (D:2)
  A leopard gecko (D:2)
  A goblin (D:2)
  2 hobgoblins (D:2)
  A quokka (D:2)
  3 bats
  4 kobolds
  3 rats
18 creatures vanquished.

Notes
Turn   | Place    | Note
-------+----------+-------------------------------------------
     0 | D:1      | Lanoc the Octopode Berserker began the quest for the Orb.
     0 | D:1      | Reached XP level 1. HP: 16/16 MP: 1/1
    98 | D:1      | Reached XP level 2. HP: 5/21 MP: 2/2
   515 | D:2      | Reached XP level 3. HP: 19/26 MP: 3/3
   660 | D:2      | Noticed Natasha
   669 | D:2      | HP: 1/26 [poisoned by an adder]
   669 | D:2      | Killed from afar by Natasha

Levels and vault maps discovered:
D:1:      wander_arrival_abandoned_jail, layout_basic
D:2:      layout_basic, first_ration, uniq_natasha

Action                   || total
-------------------------++-------
Melee: Falchion          ||    37
       Constrict         ||    12
       Tentacles         ||     6
Invok: Berserk           ||     2
  Use: Potion            ||     3
  Eat: Chunk             ||     1
Armor: Skin              ||     2
Dodge: Dodged            ||    46
       Rpst.: Falchion   ||    12

Table legend:
 A = Non-vault XP
 B = Vault XP
 C = Vault XP percentage of total XP
 D = Non-vault monster count
 E = Vault monster count
 F = Vault count percentage of total count
                 A         B        C        D         E       F
            +---------+---------+-------+---------+---------+-------
      Total |      66 |       0 |   0.0 |      18 |       0 |   0.0
            +---------+---------+-------+---------+---------+-------
        D:1 |      19 |       0 |   0.0 |       5 |       0 |   0.0
        D:2 |      47 |       0 |   0.0 |      13 |       0 |   0.0
            +---------+---------+-------+---------+---------+-------
